 Dungeon Crawl Stone Soup version 0.29-a0-1008-g949cc1d0fb (webtiles) character file.

Game seed: 16290583832386139709

39 concernfroge the Trooper (level 3, -12/31 HPs)
             Began as a Mummy Monk on Aug 7, 2022.
             Killed by an exploding orc wizard (33 damage)
             ... ignited by their inner flame
             ... on level 3 of the Dungeon.
             The game lasted 00:04:58 (1959 turns).

concernfroge the Trooper (Mummy Monk)               Turns: 1959, Time: 00:04:59

Health: -12/31     AC: 10    Str: 16    XL:     3   Next: 26%
Magic:  3/3        EV:  7    Int:  9    God:
Gold:   111        SH:  0    Dex: 14    Spells: 2/2 levels left

rFire   x . .      SeeInvis .   a - +0 spear
rCold   + . .      Faith    .   (no shield)
rNeg    + + +      Spirit   .   n - +0 chain mail
rPois   ∞          Reflect  .   (no helmet)
rElec   .          Harm     .   g - +0 cloak
rCorr   .          Rampage  .   i - +0 pair of gloves
Will    .....                   (no boots)
Stlth   ..........              (no amulet)
HPRegen 0.10/turn               (no ring)
MPRegen 0.08/turn               (no ring)

@: silenced
A: cold resistance 1, negative energy resistance 3, torment resistance 2, heat
vulnerability 1, in touch with death 1, no potions
a: no special abilities


You were on level 3 of the Dungeon.
You visited 1 branch of the dungeon, and saw 3 of its levels.

You collected 111 gold pieces.

Inventory:

Hand Weapons
 a - a +0 spear (weapon)
Missiles
 h - 2 poisoned darts (quivered)
Armour
 g - a +0 cloak (worn)
 i - a +0 pair of gloves (worn)
 n - a +0 chain mail (worn)
Scrolls
 c - a scroll of butterflies {unknown}
 d - a scroll of magic mapping {unknown}
 e - a scroll of immolation
 f - a scroll of fear {unknown}
 k - a scroll of identify {unknown}
 l - a scroll of teleportation {unknown}
 m - a scroll of poison {unknown}


   Skills:
 + Level 4.4 Fighting
 - Level 2.4 Polearms
 - Level 2.4 Dodging
 - Level 1.5 Stealth


You had 2 spell levels left.
You didn't know any spells.
Your spell library contained the following spells:

 Spells                   Type           Power      Damage    Failure   Level
 Ensorcelled Hibernation  Hex/Ice        0%         N/A       100%        2
 Passwall                 Tmut/Erth      0%         N/A       100%        2
 Swiftness                Air            0%         N/A       100%        3


Dungeon Overview and Level Annotations

Branches:
Dungeon (3/15)

Altars:

Shops:
D:2 (


Innate Abilities, Weirdness & Mutations

You are immune to poison.
Your flesh is cold resistant. (rC+)
You are immune to negative energy. (rN+++)
You are immune to unholy pain and torment.
You are vulnerable to heat. (rF-)
You are in touch with the powers of death.
You do not drink.


Message History

You hit the giant cockroach but do no damage.
The giant cockroach is almost dead.
The giant cockroach completely misses you.
You barely miss the giant cockroach.
The giant cockroach is almost dead.
The giant cockroach bites you but does no damage.
The giant cockroach bites you.
You hit the giant cockroach.
You kill the giant cockroach!
HP restored.
You see here a giant cockroach corpse.
An orc wizard comes into view. It is wielding a +0 dagger.
Found a sling.
The orc wizard shouts!
You hear a shout! x2
An orc priest comes into view. It is wielding a +0 quarterstaff.
The orc priest shouts!
You throw a poisoned dart.
The poisoned dart closely misses the orc wizard.
The orc wizard gestures at you while chanting.
You resist with some effort.
You throw a poisoned dart. The poisoned dart hits the orc priest.
The orc priest is poisoned.
The orc priest invokes the aid of Beogh against you.
Beogh smites you!
You throw a poisoned dart. The poisoned dart hits the orc wizard.
You throw a poisoned dart. The poisoned dart hits the orc wizard.
The orc wizard is poisoned.
An orc comes into view. It is wielding a +0 dagger.
As you read the scroll labelled JEOREQ HAUTZO, it crumbles to dust.
The creatures around you are filled with an inner flame!
It was a scroll of immolation.
As you read the scroll labelled NUISSE JUMUSE, it crumbles to dust.
A profound silence engulfs you.
It was a scroll of silence.
Flame seeps out of the orc wizard.
The orc wizard is engulfed in blazing flames.
The orc wizard explodes!
The fiery explosion engulfs the orc priest!
The fiery explosion engulfs you!! The fire burns you terribly!
Ouch! That really hurt!
You die...

# ..( (...#
.....§#######.#
.o.(()○@......#
#.###§##.######
# #.# #.# #.#
#.# #.## #..#
##.#


You could see an orc (inner flame).

Vanquished Creatures
  An orc priest (D:3)
  An orc wizard (D:3)
  2 worms (D:2)
  A dart slug (D:1)
  3 ball pythons
  6 endoplasms
  4 giant cockroaches
  2 goblins
  2 hobgoblins
  5 bats
  2 frilled lizards (D:2)
29 creatures vanquished.

Vanquished Creatures (others)
  2 plants (D:2)
  4 withered plants (D:2)
6 creatures vanquished.

Grand Total: 35 creatures vanquished

Notes
Turn   | Place    | Note
-------+----------+-------------------------------------------
     0 | D:1      | concernfroge the Mummy Monk began the quest for the Orb.
     0 | D:1      | Reached XP level 1. HP: 18/18 MP: 1/1
   113 | D:1      | Reached XP level 2. HP: 18/24 MP: 2/2
   842 | D:2      | Found Iblumid's Weapon Shop.
   901 | D:2      | Reached skill level 4 in Fighting
  1327 | D:2      | Found a faded altar of an unknown god.
  1380 | D:2      | Gained mutation: You are in touch with the powers of death.
                  | [Mummy growth]
  1380 | D:2      | Reached XP level 3. HP: 14/30 MP: 3/3
  1959 | D:3      | Killed by an exploding orc wizard... ignited by their inner
                  | flame

Illustrated notes

Levels and vault maps discovered:
D:1:      saegor_arrival_simple_c, layout_loops_ring, corner_web_ring,
          minmay_fountain_box, minmay_indecisive_spiral
D:2:      kennysheep_big_flooded_room, layout_basic,
          shapermc_ecumenical_altar_flowoftime, serial_shops, shop
D:3:      layout_loops_ring

Skill      XL: |  1  2 |
---------------+-------+-----
Fighting       | 4 |  4.4
Polearms       | |  2.4
Dodging        | |  2.4
Stealth        | |  1.5

Action                   || total
-------------------------++-------
Melee: Spear             ||   147
Throw: Dart              ||     7
  Use: Scroll            ||     2
 Stab: Sleeping          ||     6
Armor: Leather armour    ||    11
       Ring mail         ||    13
       Chain mail        ||     1
Dodge: Dodged            ||    64

Table legend: (Time is in decaauts)
 A = Elapsed time spent in this place.
 B = Non-inter-level travel time spent in this place.
 C = Inter-level travel time spent in this place.
 D = Time resting spent in this place.
 E = Time spent auto-exploring this place.
 F = Levels seen in this place.
 G = Mean time per level.
                   A        B        C        D        E       F      G
               +--------+--------+--------+--------+--------+-----+--------+
         Total |   1955 |   1880 |     75 |      0 |   1575 |   3 |  651.7 |
       Dungeon |   1955 |   1880 |     75 |      0 |   1575 |   3 |  651.7 |
               +--------+--------+--------+--------+--------+-----+--------+

Top non-repeatable levels by time:
     D:2: 1090 daAuts
     D:1: 794 daAuts
     D:3: 70 daAuts
